[Event "GER-ch Youth U16w 2019"]
[Site "Willingen"]
[Date "2019.06.12"]
[Round "6.11"]
[White "Jacoby, Angelina"]
[Black "Huppert, Anna"]
[Result "1/2-1/2"]
[ECO "A46"]
[WhiteElo "1412"]
[BlackElo "1515"]
[Annotator "NA"]
[PlyCount "116"]
[EventDate "2019.06.07"]
[EventType "swiss"]
[EventRounds "9"]
[EventCountry "GER"]
[SourceTitle "playchess.com"]
[Source "ChessBase"]
[SourceQuality "1"]
[TimeControl "40/5400+30:1800+30"]

1. d4 Nf6 2. Nf3 e6 3. Bf4 c5 4. e3 Nc6 5. c3 d5 6. Nbd2 b6 7. Bd3 Bb7 8. h3 cxd4 9. exd4 Be7 10. O-O O-O 11. Nh2 a5 12. Ng4 Ba6 13. Bxa6 Rxa6 14. Qe2 Ra8 15. Bh2 Re8 16. f4 Qc8 17. Qf3 b5 18. Rae1 b4 19. f5 bxc3 20. bxc3 Nxg4 21. Qxg4 exf5 22. Qxf5 Qxf5 23. Rxf5 Rad8 24. Rb1 g6 25. Rff1 a4 26. Rb7 a3 27. Nf3 f6 28. Rb5 Bf8 29. Kf2 Rd7 30. Re1 Kf7 31. Rxe8 Kxe8 32. Rb6 Na5 33. Nd2 f5 34. Rb8+ Kf7 35. Rc8 Be7 36. Rc7 Rxc7 37. Bxc7 Nc6 38. Nf3 Ke6 39. Ke2 Na7 40. Kd3 Nb5 41. Ba5 Kd7 42. Kc2 Nd6 43. Nd2 Nb5 44. Kb3 Kc6 45. Nb1 h5 46. Nd2 g5 47. Nf3 g4 48. hxg4 fxg4 49. Ne5+ Kb7 50. Ng6 Bd6 51. Bb4 Bxb4 52. Kxb4 Kb6 53. Nf4 h4 54. Nxd5+ Kb7 55. Nf4 Kb6 56. d5 Ka6 57. c4 Nd6 58. c5 Nf7 {[%emt 0:01:27] normal} 1/2-1/2

[Event "GER-ch Youth U16w 2019"]
[Site "Willingen"]
[Date "2019.06.12"]
[Round "6.12"]
[White "Sinnhoefer, Lilian"]
[Black "Dietz, Helena"]
[Result "1/2-1/2"]
[ECO "B07"]
[WhiteElo "1396"]
[BlackElo "1534"]
[Annotator "NA"]
[PlyCount "104"]
[EventDate "2019.06.07"]
[EventType "swiss"]
[EventRounds "9"]
[EventCountry "GER"]
[SourceTitle "playchess.com"]
[Source "ChessBase"]
[SourceQuality "1"]
[TimeControl "40/5400+30:1800+30"]

1. e4 d6 2. d4 Nf6 3. Nc3 g6 4. g3 Bg7 5. Bg2 O-O 6. h3 Nbd7 7. Nf3 e5 8. O-O Re8 9. Be3 exd4 10. Nxd4 Nc5 11. Bg5 h6 12. Bxf6 Bxf6 13. Re1 Ne6 14. Nxe6 Bxe6 15. f4 Bg7 16. Qd3 c6 17. Rad1 Qb6+ 18. Re3 Qxb2 19. Rb1 Qxc3 20. Qxc3 Bxc3 21. Rxc3 Re7 22. a3 Rd8 23. Rd3 Red7 24. Kf2 b6 25. Rbd1 h5 26. Rc3 Rc8 27. Rcd3 Rcd8 28. Rc3 c5 29. Rcd3 Kg7 30. Ke3 f5 31. e5 d5 32. c3 Kh6 33. h4 a6 34. a4 b5 35. axb5 axb5 36. Rb1 d4+ 37. cxd4 cxd4+ 38. Kf2 Bc4 39. Rd2 Rc7 40. Bf1 Ra7 41. Rbd1 Rad7 42. Bxc4 bxc4 43. e6 c3 44. exd7 cxd2 45. Rxd2 Rxd7 46. Ke2 Re7+ 47. Kf2 Re4 48. Re2 Kg7 49. Ra2 Kf7 50. Ra6 Re6 51. Ra4 Rd6 52. Ke2 Ke6 {[%emt 0:07:14] normal} 1/2-1/2

[Event "GER-ch Youth U16w 2019"]
[Site "Willingen"]
[Date "2019.06.12"]
[Round "6.13"]
[White "Zell, Hannah"]
[Black "Genova, Magdalina"]
[Result "1-0"]
[ECO "B51"]
[WhiteElo "1473"]
[BlackElo "1421"]
[Annotator "NA"]
[PlyCount "130"]
[EventDate "2019.06.07"]
[EventType "swiss"]
[EventRounds "9"]
[EventCountry "GER"]
[SourceTitle "playchess.com"]
[Source "ChessBase"]
[SourceQuality "1"]
[TimeControl "40/5400+30:1800+30"]

1. e4 c5 2. Nf3 d6 3. Bb5+ Nd7 4. O-O Ngf6 5. Re1 a6 6. Bd3 b5 7. c4 b4 8. a3 bxa3 9. Rxa3 Bb7 10. Nc3 e6 11. Bc2 Be7 12. d3 Nb6 13. Na4 O-O 14. Bd2 Nxa4 15. Bxa4 d5 16. exd5 exd5 17. Ba5 Qd6 18. Rb3 Rab8 19. Rb6 Qc7 20. Rxa6 Qc8 21. Rb6 Bd8 22. Rb5 Bxa5 23. Rxa5 Qc7 24. Rb5 Bc6 25. Rxb8 Rxb8 26. Bxc6 Qxc6 27. Qc2 Qb6 28. Re2 h6 29. g3 Qb7 30. Ne5 Re8 31. Ng4 Rxe2 32. Nxf6+ gxf6 33. Qxe2 dxc4 34. dxc4 Qb4 35. Qc2 Qe1+ 36. Kg2 Qe5 37. f4 Qd6 38. Kf3 Kg7 39. h4 Qc6+ 40. Qe4 Qb6 41. Qe2 Qc6+ 42. Ke3 Qe6+ 43. Kd3 Qd7+ 44. Kc3 Qd4+ 45. Kb3 Qd6 46. Kc2 Qc6 47. Qd3 Qa4+ 48. Kd2 Qa5+ 49. Qc3 Qd8+ 50. Ke3 Qe7+ 51. Kf2 Qd6 52. b3 Qe7 53. Qd3 Qa7 54. Ke3 Qb6 55. f5 Qc7 56. Kf3 Qb7+ 57. Kg4 Qe7 58. Qf3 Qd6 59. Kh5 Kh7 60. Qe3 Qf8 61. g4 Qd6 62. Qxh6+ Kg8 63. Qe3 Qd4 64. Qf3 Qd8 65. g5 Kg7 {[%emt 0:05:51] normal} 1-0

[Event "GER-ch Youth U16w 2019"]
[Site "Willingen"]
[Date "2019.06.13"]
[Round "7.1"]
[White "Glinzner, Alva"]
[Black "Bardorz, Jana"]
[Result "1/2-1/2"]
[ECO "C68"]
[WhiteElo "1833"]
[BlackElo "1769"]
[Annotator "NA RC"]
[PlyCount "107"]
[EventDate "2019.06.07"]
[EventType "swiss"]
[EventRounds "9"]
[EventCountry "GER"]
[SourceTitle "playchess.com"]
[Source "ChessBase"]
[SourceQuality "1"]
[TimeControl "40/5400+30:1800+30"]

1. e4 e5 2. Nf3 Nc6 3. Bb5 a6 4. Bxc6 dxc6 5. O-O f6 6. d4 exd4 7. Nxd4 c5 8. Ne2 Qxd1 9. Rxd1 Bd7 10. Nbc3 O-O-O 11. Be3 Bd6 12. f3 Ne7 13. Nf4 b6 14. Nfd5 Kb7 15. Nxe7 Bxe7 16. Nd5 Bd6 17. Rd2 Be5 18. Rad1 Be6 19. b3 c6 20. Nf4 Rxd2 21. Rxd2 Bc8 22. Nh5 g6 23. Ng3 Kc7 24. f4 Bd6 25. Kf2 Rd8 26. Kf3 Be6 27. c4 b5 28. Rc2 Kb6 29. Ne2 Be7 30. g4 g5 31. f5 Bf7 32. Ng3 Rh8 33. Bf2 h5 34. Nxh5 Bxh5 35. gxh5 Rxh5 36. Bg3 Rh8 37. Kg4 Rd8 38. Bf2 Bd6 39. b4 bxc4 40. a4 a5 41. bxa5+ Kxa5 42. Rxc4 Bxh2 43. Rxc5+ Kxa4 44. Rxc6 Be5 45. Re6 Kb5 46. Rxe5+ fxe5 47. f6 Kc4 48. Kxg5 Kd3 49. Kf5 Rf8 50. Bh4 Kd4 51. Bg5 Rf7 52. Ke6 Rxf6+ 53. Bxf6 Kxe4 54. Bxe5 {[%emt 0:00:05] normal} 1/2-1/2

[Event "GER-ch Youth U16w 2019"]
[Site "Willingen"]
[Date "2019.06.13"]
[Round "7.2"]
[White "Muedder, Melanie"]
[Black "Fock, Amina"]
[Result "1/2-1/2"]
[ECO "B90"]
[WhiteElo "1912"]
[BlackElo "1723"]
[Annotator "NA RC"]
[PlyCount "107"]
[EventDate "2019.06.07"]
[EventType "swiss"]
[EventRounds "9"]
[EventCountry "GER"]
[SourceTitle "playchess.com"]
[Source "ChessBase"]
[SourceQuality "1"]
[TimeControl "40/5400+30:1800+30"]

1. e4 c5 2. Nf3 d6 3. d4 cxd4 4. Nxd4 Nf6 5. Nc3 a6 6. Nb3 b5 7. Nd5 Nfd7 8. Bd2 Nc6 9. a4 bxa4 10. Rxa4 Nb6 11. Nxb6 Qxb6 12. Be3 Qb7 13. Bc4 e6 14. O-O Bd7 15. Ra1 Ne5 16. Be2 Qxe4 17. Nd4 Qb7 18. f4 Nc6 19. f5 Nxd4 20. Bxd4 e5 21. Bc3 Be7 22. Bc4 Bc6 23. Qg4 Bf6 24. Rfd1 d5 25. Bb3 d4 26. Be1 h5 27. Qe2 e4 28. Bc4 Qb6 29. Kh1 a5 30. c3 Rd8 31. cxd4 Rxd4 32. Rxd4 Qxd4 33. Bc3 Qd6 34. Bxf6 Qxf6 35. Rxa5 O-O 36. Ra6 Ra8 37. Rxa8+ Bxa8 38. Qxh5 e3 39. h3 Be4 40. Qe2 Qg5 41. b4 Bxf5 42. Qf3 Bg6 43. b5 Qc5 44. Qc6 Qxc6 45. bxc6 Be4 46. c7 Bb7 47. Kg1 Kf8 48. Kf1 Ke7 {[%emt 0:00:12] normal} 49. Ke2 Kd7 {[%emt 0:00:42] normal} 50. g4 {[%emt 0:01:29] normal} f6 51. Kxe3 g5 {[%emt 0:00:21] normal} 52. Kd4 Bg2 53. Kc5 {[%emt 0:01:26] normal} Kxc7 54. Be6 {[%emt 0:00:41] normal} 1/2-1/2

[Event "GER-ch Youth U16w 2019"]
[Site "Willingen"]
[Date "2019.06.13"]
[Round "7.3"]
[White "Rothenberg, Nina"]
[Black "Berelowitsch, Dana"]
[Result "1/2-1/2"]
[ECO "B24"]
[WhiteElo "1653"]
[BlackElo "1753"]
[Annotator "NA"]
[PlyCount "94"]
[EventDate "2019.06.07"]
[EventType "swiss"]
[EventRounds "9"]
[EventCountry "GER"]
[SourceTitle "playchess.com"]
[Source "ChessBase"]
[SourceQuality "1"]
[TimeControl "40/5400+30:1800+30"]

1. e4 c5 2. Nc3 Nc6 3. g3 g6 4. Bg2 Bg7 5. d3 e6 6. Be3 d6 7. Qd2 Rb8 8. Nge2 Nd4 9. Nc1 Ne7 10. O-O O-O 11. Nd1 e5 12. c3 Ndc6 13. Bh6 Bxh6 14. Qxh6 Be6 15. Qd2 b5 16. Ne2 Qb6 17. Kh1 Kg7 18. f4 f5 19. Ne3 a5 20. fxe5 dxe5 21. Nd5 Qa7 22. Nxe7 Nxe7 23. Qe3 Qc7 24. d4 cxd4 25. cxd4 exd4 26. Nxd4 Qe5 27. Nxe6+ Qxe6 28. Qc3+ Kg8 29. exf5 Nxf5 30. Qxa5 Ne3 31. Rxf8+ Rxf8 32. Re1 Qc4 33. Qc3 Qxc3 34. bxc3 Nxg2 35. Kxg2 Ra8 36. Re2 Ra3 37. Rc2 Kf7 38. Kh3 Kf6 39. Kg4 h6 40. Kf4 Ke6 41. Ke4 Kd6 42. Kd4 Ra4+ 43. Kd3 Ra3 44. Rf2 Kd5 45. h4 b4 46. Rc2 bxc3 47. Rxc3 Rxa2 {[%emt 0:00:15] normal Ke4+} 1/2-1/2

[Event "GER-ch Youth U16w 2019"]
[Site "Willingen"]
[Date "2019.06.13"]
[Round "7.4"]
[White "Khamenya, Vitalia"]
[Black "Ziegenfuss, Larissa"]
[Result "1/2-1/2"]
[ECO "B93"]
[WhiteElo "1877"]
[BlackElo "1771"]
[Annotator "NA"]
[PlyCount "49"]
[EventDate "2019.06.07"]
[EventType "swiss"]
[EventRounds "9"]
[EventCountry "GER"]
[SourceTitle "playchess.com"]
[Source "ChessBase"]
[SourceQuality "1"]
[TimeControl "40/5400+30:1800+30"]

1. e4 c5 2. Nf3 d6 3. d4 cxd4 4. Nxd4 Nf6 5. Nc3 a6 6. f4 e5 7. Nf3 Qc7 8. Bd3 Be7 9. O-O O-O 10. Kh1 Nbd7 11. fxe5 dxe5 12. Nh4 Nc5 13. Nf5 Bxf5 14. exf5 Rad8 15. Qf3 Nxd3 16. cxd3 Rd7 17. Bg5 Qb6 18. Qe2 Qd4 19. Rae1 Qxd3 20. Qxe5 Bd6 21. Qe2 Qxe2 22. Rxe2 Be7 23. h3 h6 24. Bf4 Bb4 25. Be5 {[%emt 0:04:16] normal} 1/2-1/2

[Event "GER-ch Youth U16w 2019"]
[Site "Willingen"]
[Date "2019.06.13"]
[Round "7.5"]
[White "Basovskiy, Jana"]
[Black "Stowicek, Yara Mathilda"]
[Result "1-0"]
[ECO "B43"]
[WhiteElo "1761"]
[BlackElo "1692"]
[Annotator "NA RC"]
[PlyCount "131"]
[EventDate "2019.06.07"]
[EventType "swiss"]
[EventRounds "9"]
[EventCountry "GER"]
[SourceTitle "playchess.com"]
[Source "ChessBase"]
[SourceQuality "1"]
[TimeControl "40/5400+30:1800+30"]

1. e4 c5 2. Nf3 e6 3. d4 cxd4 4. Nxd4 a6 5. Nc3 Qc7 6. Bd3 Nf6 7. f4 d6 8. O-O Be7 9. Kh1 Nbd7 10. Bd2 b5 11. a3 Bb7 12. Qe2 O-O 13. Rae1 Nc5 14. Nf3 Nxd3 15. cxd3 Rfd8 16. Rc1 Qd7 17. Nd1 Rac8 18. Nf2 Rxc1 19. Rxc1 Rc8 20. Qe1 Ne8 21. Bc3 d5 22. e5 f6 23. d4 Nc7 24. Nd3 Na8 25. Ba5 Nc7 26. Bb4 Na8 27. Ba5 Nc7 28. Nc5 Bxc5 29. Rxc5 Ne8 30. Qc3 Kf7 31. Kg1 Kg8 32. Ne1 fxe5 33. fxe5 g6 34. Rxc8 Qxc8 35. Qxc8 Bxc8 36. Nd3 Ng7 37. g4 Kf7 38. Kf2 Ne8 39. Ke3 Ng7 40. Kf4 h6 41. Ke3 Ne8 42. Nf4 Ng7 43. Kd2 g5 44. Nd3 Ke7 45. Bb4+ Kf7 46. Kc3 Ne8 47. Ba5 Ng7 48. Kb4 h5 49. h3 hxg4 50. hxg4 Nf5 51. gxf5 exf5 52. Bd8 Kg6 53. Kc5 f4 54. Kxd5 Bf5 55. Nxf4+ gxf4 56. Bh4 Kf7 57. Kd6 Bd3 58. d5 Bc4 59. e6+ Ke8 60. Ke5 b4 61. axb4 Bb5 62. Kxf4 {[%emt 0:00:00] normal} Ba4 63. Ke5 Bb5 {[%emt 0:00:23] normal} 64. d6 Ba4 65. Kd5 {[%emt 0:00:00] normal} Bb5 66. Ke4 {normal} 1-0

[Event "GER-ch Youth U16w 2019"]
[Site "Willingen"]
[Date "2019.06.13"]
[Round "7.6"]
[White "Rudolph, Eva"]
[Black "Bui, Ngoc Han Julia"]
[Result "0-1"]
[ECO "B53"]
[WhiteElo "1786"]
[BlackElo "1973"]
[Annotator "NA"]
[PlyCount "88"]
[EventDate "2019.06.07"]
[EventType "swiss"]
[EventRounds "9"]
[EventCountry "GER"]
[SourceTitle "playchess.com"]
[Source "ChessBase"]
[SourceQuality "1"]
[TimeControl "40/5400+30:1800+30"]

1. e4 c5 2. Nf3 d6 3. d4 cxd4 4. Qxd4 a6 5. h3 Nc6 6. Qe3 g6 7. c4 Bd7 8. Nc3 Bh6 9. Qd3 Bg7 10. Be3 Nf6 11. Be2 O-O 12. O-O Qa5 13. Rac1 Rac8 14. Qd2 b5 15. cxb5 axb5 16. Nxb5 Nxe4 17. Qxa5 Nxa5 18. b4 Nc6 19. a3 Ra8 20. Rc2 Rfb8 21. Rb1 Ne5 22. Na7 Rb7 23. Nxe5 Bxe5 24. Nc6 Bxc6 25. Rxc6 Rxa3 26. Ba6 Rb8 27. Rbc1 Kg7 28. b5 Nc3 29. Kf1 Nxb5 30. Rb1 Nd4 31. Rxb8 Nxc6 32. Rb6 Nd4 33. g3 Nc2 34. Bd2 Rf3 35. Kg2 Rxf2+ 36. Kxf2 Bd4+ 37. Ke2 Bxb6 38. Kd3 Nd4 39. Bb4 Ne6 40. Bc3+ f6 41. Bc8 Kf7 42. Ke4 Bf2 43. Kd5 Nc5 44. g4 {[%emt 0:00:00] normal} e6+ {[%emt 0:00:00] normal} 0-1

[Event "GER-ch Youth U16w 2019"]
[Site "Willingen"]
[Date "2019.06.13"]
[Round "7.7"]
[White "Brunner, Sophia"]
[Black "Sokolowski, Judith"]
[Result "0-1"]
[ECO "D02"]
[WhiteElo "1839"]
[BlackElo "1749"]
[Annotator "NA RC"]
[PlyCount "108"]
[EventDate "2019.06.07"]
[EventType "swiss"]
[EventRounds "9"]
[EventCountry "GER"]
[SourceTitle "playchess.com"]
[Source "ChessBase"]
[SourceQuality "1"]
[TimeControl "40/5400+30:1800+30"]

1. d4 d5 2. Nf3 c6 3. e3 Bg4 4. c4 e6 5. Nc3 Nd7 6. h3 Bh5 7. Be2 Ngf6 8. O-O Bd6 9. b3 O-O 10. Qc2 Re8 11. Bb2 dxc4 12. bxc4 e5 13. Rad1 Bg6 14. Qb3 exd4 15. exd4 Qc7 16. Nh4 Nf8 17. Ba3 Rad8 18. Bxd6 Rxd6 19. Nxg6 Nxg6 20. Rd2 Ne4 21. Nxe4 Rxe4 22. Rfd1 Qe7 23. Bf3 Rexd4 24. Rxd4 Rxd4 25. Rxd4 Qe1+ 26. Kh2 Qe5+ 27. Kg1 Qxd4 28. Qxb7 Qa1+ 29. Kh2 Qxa2 30. Qxc6 Nf8 31. c5 a5 32. Qb7 g6 33. c6 Ne6 34. c7 Nxc7 35. Qxc7 a4 36. Qd8+ Kg7 37. Qd4+ Kg8 38. Bd5 Qc2 39. f3 Qc7+ 40. Kg1 Qc1+ 41. Kf2 a3 42. Qc4 Qd2+ 43. Kg1 Qe3+ 44. Kf1 Qe7 {[%emt 0:01:56] normal} 45. Kf2 {[%emt 0:04:46] normal} Kg7 {[%emt 0:02:03] normal} 46. Qd4+ {[%emt 0:02:25] normal} Kg8 {[%emt 0:01:40] normal} 47. Ba2 Qc7 {[%emt 0:01:14] normal} 48. Qc4 Qe7 {[%emt 0:01:21] normal} 49. f4 {[%emt 0:00:55] normal} Qa7+ {[%emt 0:02:15] normal} 50. Ke2 Qb7 51. Kd3 {[%emt 0:00:49] normal} Qa7 {[%emt 0:02:02] normal} 52. Qd5 {[%emt 0:03:43] normal} Qc7 {[%emt 0:03:05] normal} 53. g3 Qe7 {[%emt 0:00:45] normal} 54. Kc3 Qe3+ {[%emt 0:01:09] normal} 0-1

[Event "GER-ch Youth U16w 2019"]
[Site "Willingen"]
[Date "2019.06.13"]
[Round "7.8"]
[White "Wagner, Victoria"]
[Black "Meijerink, Inken"]
[Result "1/2-1/2"]
[ECO "B33"]
[WhiteElo "1808"]
[BlackElo "1681"]
[Annotator "NA"]
[PlyCount "99"]
[EventDate "2019.06.07"]
[EventType "swiss"]
[EventRounds "9"]
[EventCountry "GER"]
[SourceTitle "playchess.com"]
[Source "ChessBase"]
[SourceQuality "1"]
[TimeControl "40/5400+30:1800+30"]

1. e4 c5 2. Nf3 Nc6 3. d4 cxd4 4. Nxd4 Nf6 5. Nc3 e5 6. Ndb5 d6 7. Bg5 a6 8. Na3 b5 9. Nd5 Be7 10. Bxf6 Bxf6 11. c3 Bg5 12. Nc2 O-O 13. a4 bxa4 14. Rxa4 Ne7 15. h4 Bh6 16. Nce3 Bxe3 17. Nxe3 Be6 18. Bc4 Bxc4 19. Nxc4 d5 20. Nxe5 Qc7 21. Nf3 Rad8 22. e5 a5 23. O-O Nc6 24. Re1 Rfe8 25. Qb1 g6 26. h5 Nxe5 27. Nxe5 Rxe5 28. Rxe5 Qxe5 29. hxg6 hxg6 30. Rxa5 Kg7 31. Qd3 Qe1+ 32. Qf1 Qe5 33. Qd3 Qe1+ 34. Qf1 Qe5 35. Qd1 Rh8 36. Qd4 Qxd4 37. cxd4 Rb8 38. Rxd5 Rxb2 39. Rd7 Kf6 40. d5 Re2 41. g4 Rd2 42. Kg2 Kg5 43. Rxf7 Kxg4 44. Rd7 Rd3 45. Rd8 Kf5 46. Rd6 g5 47. Rd8 Ke5 48. Rg8 Kf5 49. Rd8 Ke5 50. d6 {normal} 1/2-1/2

[Event "GER-ch Youth U16w 2019"]
[Site "Willingen"]
[Date "2019.06.13"]
[Round "7.9"]
[White "Schneider, Katharina"]
[Black "Klemke, Kassandra"]
[Result "0-1"]
[ECO "B90"]
[WhiteElo "1784"]
[BlackElo "1662"]
[Annotator "NA"]
[PlyCount "91"]
[EventDate "2019.06.07"]
[EventType "swiss"]
[EventRounds "9"]
[EventCountry "GER"]
[SourceTitle "playchess.com"]
[Source "ChessBase"]
[SourceQuality "1"]
[TimeControl "40/5400+30:1800+30"]

1. e4 c5 2. Nf3 d6 3. d4 cxd4 4. Nxd4 Nf6 5. Nc3 a6 6. f3 e6 7. Be3 b5 8. Qd2 Nfd7 9. O-O-O Nb6 10. g4 N8d7 11. h4 Ne5 12. b3 Bb7 13. g5 Rc8 14. f4 Ned7 15. Bg2 Qc7 16. Nce2 d5 17. e5 Be7 18. h5 Nc5 19. Rdf1 Ne4 20. Bxe4 dxe4 21. g6 Nd5 22. gxf7+ Kxf7 23. Bg1 Bb4 24. Qd1 Nc3 25. Nxe6 Ba3+ 26. Kd2 Qd7+ 27. N6d4 Nxd1 28. e6+ Qxe6 29. Nxe6 e3+ 30. Bxe3 Nxe3 31. Ng5+ Ke7 32. Kxe3 Bxh1 33. Rxh1 Rxc2 34. Nd4 Rc5 35. Nge6 Rd5 36. Nxg7 Bc5 37. Nge6 Bxd4+ 38. Nxd4 Re8 39. Nc6+ Kf6+ 40. Ne5 Red8 41. a3 Rc5 42. Rb1 Kf5 43. Ke2 Rc2+ 44. Ke3 Rc3+ 45. Ke2 Kxf4 46. Nf7 {[%emt 0:00:00] normal} 0-1

[Event "GER-ch Youth U16w 2019"]
[Site "Willingen"]
[Date "2019.06.13"]
[Round "7.10"]
[White "Jacoby, Angelina"]
[Black "Zell, Hannah"]
[Result "1/2-1/2"]
[ECO "D02"]
[WhiteElo "1412"]
[BlackElo "1473"]
[Annotator "NA"]
[PlyCount "73"]
[EventDate "2019.06.07"]
[EventType "swiss"]
[EventRounds "9"]
[EventCountry "GER"]
[SourceTitle "playchess.com"]
[Source "ChessBase"]
[SourceQuality "1"]
[TimeControl "40/5400+30:1800+30"]

1. d4 Nf6 2. Nf3 d5 3. Bf4 c5 4. e3 e6 5. Nbd2 Bd6 6. Bg3 Bxg3 7. hxg3 cxd4 8. exd4 Nc6 9. c3 Bd7 10. Bd3 h6 11. Qe2 Qc7 12. Ne5 Nxe5 13. dxe5 Ng8 14. Nf3 Ne7 15. g4 O-O-O 16. Nd4 Nc6 17. O-O Nxe5 18. Bb5 a6 19. Bxd7+ Rxd7 20. b4 Nc4 21. a4 b6 22. Nb3 Kd8 23. a5 b5 24. Nc5 Rd6 25. Rad1 Re8 26. Qf3 Ne5 27. Qg3 f6 28. Rfe1 Kc8 29. f4 Nd7 30. Nxd7 Qxd7 31. f5 e5 32. Re2 Kb7 33. Red2 Rd8 34. Qe3 Qc6 35. Rd3 Qc4 36. Rxd5 {[%emt 0:12:34] normal} Rxd5 37. Qb6+ {[%emt 0:00:06] normal} 1/2-1/2

[Event "GER-ch Youth U16w 2019"]
[Site "Willingen"]
[Date "2019.06.13"]
[Round "7.12"]
[White "Huppert, Anna"]
[Black "Dietz, Helena"]
[Result "1-0"]
[ECO "B09"]
[WhiteElo "1515"]
[BlackElo "1534"]
[Annotator "NA"]
[PlyCount "55"]
[EventDate "2019.06.07"]
[EventType "swiss"]
[EventRounds "9"]
[EventCountry "GER"]
[SourceTitle "playchess.com"]
[Source "ChessBase"]
[SourceQuality "1"]
[TimeControl "40/5400+30:1800+30"]

1. e4 d6 2. d4 Nf6 3. Nc3 g6 4. f4 Bg7 5. Nf3 O-O 6. Bd3 c5 7. e5 dxe5 8. dxe5 Nd5 9. Bd2 Nc6 10. O-O b6 11. Qe1 Bb7 12. f5 Ndb4 13. Be4 Rb8 14. a3 Na6 15. e6 Nd4 16. exf7+ Rxf7 17. fxg6 hxg6 18. Rd1 Nxf3+ 19. Rxf3 Rxf3 20. Bxf3 Bxf3 21. Qe6+ Kh7 22. gxf3 Nc7 23. Qh3+ Kg8 24. Bf4 Qc8 25. Qg3 Rb7 26. Qxg6 Qf8 27. Be5 Na6 28. Rd8 {[%emt 0:01:03] normal} 1-0

[Event "GER-ch Youth U16w 2019"]
[Site "Willingen"]
[Date "2019.06.13"]
[Round "7.13"]
[White "Genova, Magdalina"]
[Black "Peschel, Julia"]
[Result "1/2-1/2"]
[ECO "D35"]
[WhiteElo "1421"]
[BlackElo "1275"]
[Annotator "NA RC"]
[PlyCount "101"]
[EventDate "2019.06.07"]
[EventType "swiss"]
[EventRounds "9"]
[EventCountry "GER"]
[SourceTitle "playchess.com"]
[Source "ChessBase"]
[SourceQuality "1"]
[TimeControl "40/5400+30:1800+30"]

1. c4 e6 2. Nc3 d5 3. cxd5 exd5 4. d4 Nf6 5. Bg5 Be7 6. Nf3 c6 7. e3 h6 8. Bh4 Bf5 9. Bd3 Bxd3 10. Qxd3 Nbd7 11. O-O O-O 12. Rab1 Re8 13. b4 Rc8 14. Rfc1 a6 15. a4 Rb8 16. b5 axb5 17. axb5 c5 18. dxc5 Nxc5 19. Qd4 Ne6 20. Qd3 Nc5 21. Qd4 Ne6 22. Qd3 g5 23. Bg3 Rc8 24. Ne2 Rxc1+ 25. Rxc1 Bd6 26. Ned4 Bxg3 27. hxg3 Nxd4 28. Nxd4 Qd7 29. Nf5 Ne4 30. Nd4 Rc8 31. Rxc8+ Qxc8 32. Qc2 Qa8 33. Nf5 Qa1+ 34. Kh2 Qf6 35. g4 h5 36. f3 Nd6 37. Nxd6 Qxd6+ 38. Kh3 h4 39. Qf2 Qc7 40. f4 Qc1 41. g3 hxg3 42. Kxg3 f6 43. Qe2 Qb1 44. f5 Qe4 45. Qd2 Kf7 46. Qc3 Qe7 47. Qb3 Qd6+ 48. Kh3 Ke7 49. Qd3 Qc5 50. Kg3 {[%emt 0:00:00] normal} d4 51. e4 {normal} 1/2-1/2

[Event "GER-ch Youth U16w 2019"]
[Site "Willingen"]
[Date "2019.06.14"]
[Round "8.2"]
[White "Berelowitsch, Dana"]
[Black "Fock, Amina"]
[Result "1/2-1/2"]
[ECO "B93"]
[WhiteElo "1753"]
[BlackElo "1723"]
[Annotator "NA"]
[PlyCount "81"]
[EventDate "2019.06.07"]
[EventType "swiss"]
[EventRounds "9"]
[EventCountry "GER"]
[SourceTitle "playchess.com"]
[Source "ChessBase"]
[SourceQuality "1"]
[TimeControl "40/5400+30:1800+30"]

1. e4 c5 2. Nf3 d6 3. d4 cxd4 4. Nxd4 Nf6 5. Nc3 a6 6. f4 Qc7 7. Nf3 Nbd7 8. Bd3 g6 9. O-O Bg7 10. Kh1 b5 11. a3 Bb7 12. Qe1 Nc5 13. e5 dxe5 14. fxe5 Nfd7 15. Bg5 Nxe5 16. Qh4 Nxf3 17. gxf3 Ne6 18. Bh6 Bxc3 19. bxc3 Qxc3 20. a4 Bxf3+ 21. Kg1 Qc5+ 22. Rf2 Bc6 23. axb5 Bxb5 24. Bxb5+ Qxb5 25. Raf1 Qb6 26. Qe4 O-O-O 27. Be3 Qb7 28. Qc4+ Kb8 29. Rxf7 Rd6 30. Qa2 Kc8 31. Rb1 Qc7 32. Qb2 Rhd8 33. Rxh7 Rd1+ 34. Rxd1 Rxd1+ 35. Kf2 Nf8 36. Rh8 Rd8 37. Qa2 Qc6 38. Rh4 Kd7 39. Rd4+ Ke8 40. Rf4 Ne6 {[%emt 0:01:40] normal} 41. Ra4 {[%emt 0:34:01] normal} 1/2-1/2

[Event "GER-ch Youth U16w 2019"]
[Site "Willingen"]
[Date "2019.06.14"]
[Round "8.3"]
[White "Rothenberg, Nina"]
[Black "Glinzner, Alva"]
[Result "1-0"]
[ECO "B23"]
[WhiteElo "1653"]
[BlackElo "1833"]
[Annotator "NA"]
[PlyCount "105"]
[EventDate "2019.06.07"]
[EventType "swiss"]
[EventRounds "9"]
[EventCountry "GER"]
[SourceTitle "playchess.com"]
[Source "ChessBase"]
[SourceQuality "1"]
[TimeControl "40/5400+30:1800+30"]

1. e4 c5 2. Nc3 g6 3. g3 Bg7 4. Bg2 Nc6 5. d3 e6 6. Be3 d6 7. Qd2 Nge7 8. Bh6 O-O 9. h4 f6 10. Bxg7 Kxg7 11. h5 Rg8 12. hxg6 hxg6 13. Nf3 Rb8 14. O-O-O b5 15. Rh6 b4 16. Ne2 e5 17. Rdh1 Kf8 18. Rh8 Ke8 19. Qh6 Kd7 20. Rh7 Kc7 21. Nd2 a5 22. Kb1 Kb7 23. Nc4 Ka6 24. Ne3 a4 25. Nd5 Nxd5 26. exd5 Ne7 27. Qh4 Nf5 28. Qe4 Bb7 29. a3 Qb6 30. c3 Nd4 31. axb4 Nb3 32. Qc4+ Ka7 33. bxc5 Nd2+ 34. Kc2 Nxc4 35. cxb6+ Nxb6 36. c4 Ka6 37. Nc3 Ka5 38. Ne4 Nxd5 39. cxd5 Bxd5 40. R1h2 Bb3+ 41. Kb1 Rbd8 42. Nd2 d5 43. Nxb3+ axb3 44. Ra7+ Kb5 45. Rhh7 e4 46. Rhb7+ Kc5 47. dxe4 dxe4 48. Rxb3 f5 49. Rc7+ Kd6 50. Rc1 Ke5 51. Rb5+ Kd4 52. Rd1+ Kc4 53. Bf1+ {[%emt 0:00:00] normal} 1-0

[Event "GER-ch Youth U16w 2019"]
[Site "Willingen"]
[Date "2019.06.14"]
[Round "8.4"]
[White "Ziegenfuss, Larissa"]
[Black "Muedder, Melanie"]
[Result "0-1"]
[ECO "B32"]
[WhiteElo "1771"]
[BlackElo "1912"]
[Annotator "NA"]
[PlyCount "66"]
[EventDate "2019.06.07"]
[EventType "swiss"]
[EventRounds "9"]
[EventCountry "GER"]
[SourceTitle "playchess.com"]
[Source "ChessBase"]
[SourceQuality "1"]
[TimeControl "40/5400+30:1800+30"]

1. e4 c5 2. Nf3 Nc6 3. d4 cxd4 4. Nxd4 e5 5. Nb5 d6 6. c4 Be7 7. N5c3 Be6 8. Bd3 Bg5 9. Na3 Bxc1 10. Rxc1 a6 11. O-O Nge7 12. Nc2 O-O 13. Ne3 Ng6 14. Bb1 Nf4 15. Ncd5 Bxd5 16. Nxd5 Nxd5 17. cxd5 Nd4 18. Qd2 Rc8 19. Kh1 Qh4 20. f3 h6 21. Bd3 Kh7 22. Rc3 Rc5 23. b4 Rxc3 24. Qxc3 Qf4 25. Qc1 Qf6 26. Qc7 b5 27. Qb7 Qf4 28. Qxa6 Rb8 29. Qxd6 Ra8 30. Bb1 Rc8 31. g3 Qe3 32. f4 Rc1 33. Rxc1 Qf3+ {[%emt 0:00:21] normal} 0-1